 Dungeon Crawl Stone Soup version 0.25-a0-667-gb977e01cb5 (webtiles) character file.

Game seed: 3625963530934135412, levelgen mode: deterministic

4685 KiliKikkendorf the Cleaver (level 10, -4/132 HPs)
             Began as a Hill Orc Fighter on Mar 27, 2020.
             Was a Priest of the Shining One.
             Slain by a seven-headed hydra (12 damage)
             ... on level 1 of the Lair of Beasts.
             The game lasted 00:42:06 (7559 turns).

KiliKikkendorf the Cleaver (Hill Orc Fighter)       Turns: 7559, Time: 00:42:07

Health: -4/132     AC: 13    Str: 21    XL:     10   Next: 44%
Magic:  12/12      EV: 10    Int:  9    God:    the Shining One [***...]
Gold:   444        SH: 10    Dex: 11    Spells: 10/12 levels left

rFire    . . .     SeeInvis .   v - +1 mace (holy)
rCold    . . .     Gourm    .   c - +0 kite shield
rNeg     + . .     Faith    .   k - +3 ring mail
rPois    .         Spirit   .   s - +2 helmet
rElec    .         Reflect  .   (no cloak)
rCorr    .         Harm     .   x - +0 pair of gloves
MR       .....     Rnd*Tele +   (no boots)
Stlth    ..........             a - amulet of rage
HPRegen  0.32/turn              r - ring of wizardry
MPRegen  0.13/turn              (no ring)

@: berserking (expiring), glowing, very quick
A: screaming 1, teleportitis 1, wild magic 1
a: Divine Shield, Renounce Religion, Evoke Berserk Rage


You were on level 1 of the Lair of Beasts.
You worshipped the Shining One.
The Shining One was most pleased with you.
You were very hungry.

You visited 2 branches of the dungeon, and saw 9 of its levels.

You collected 444 gold pieces.

Inventory:

Hand Weapons
 q - a +4 short sword of freezing
 t - a +4 war axe of freezing
 v - a +1 mace of holy wrath (weapon)
 y - a +0 battleaxe
Missiles
 e - 3 boomerangs (quivered)
 g - 2 curare-tipped darts
 n - 14 datura-tipped darts
Armour
 c - a +0 kite shield (worn)
 h - a +0 leather armour
 k - a +3 ring mail (worn)
 s - a +2 helmet (worn)
 x - a +0 pair of gloves (worn)
Magical Staves
 w - an uncursed staff of earth
Jewellery
 a - an amulet of rage (around neck)
 r - a ring of wizardry (left hand)
Wands
 u - a wand of disintegration (15)
 z - a wand of scattershot (7)
Scrolls
 b - 2 scrolls of blinking
 j - 8 scrolls of identify
 l - a scroll of immolation
 p - a scroll of teleportation
Potions
 d - 3 potions of might
 i - 4 potions of curing
 o - a potion of stabbing
 A - 2 potions of cancellation
Comestibles
 f - 10 rations


   Skills:
 + Level 8.0 Fighting
 + Level 12.7 Axes
 + Level 2.2 Throwing
 + Level 6.0 Armour
 + Level 3.2 Dodging
 - Level 5.8 Shields
 + Level 0.4 Unarmed Combat
 - Level 1.8 Spellcasting
 * Level 4.3 Fire Magic


You had 10 spell levels left.
You knew the following spells:

 Your Spells              Type           Power        Failure   Level  Hunger
a - Foxfire               Conj/Fire      #...         34%         1    ##.....
b - Beastly Appendage     Tmut           #.....       61%         1    ##.....

Your spell library contained the following spells:

 Spells                   Type           Power        Failure   Level  Hunger
 Magic Dart               Conj           #...         61%         1    ##.....
 Sandblast                Erth           #.....       61%         1    ##.....
 Sting                    Tmut/Pois      #...         61%         1    ##.....
 Conjure Flame            Conj/Fire      #.......     67%         3    ####...
 Inner Flame              Hex/Fire       #.......     67%         3    ####...
 Passwall                 Tmut/Erth      #.......     75%         2    ###....
 Poisonous Vapours        Pois/Air       #.....       75%         2    ###....
 Searing Ray              Conj           #.....       75%         2    ###....
 Sticks to Snakes         Tmut           #.......     75%         2    ###....
 Ignite Poison            Fire/Tmut/Pois #.......     77%         3    ####...
 Dazzling Flash           Conj/Hex       #.....       91%         3    ####...
 Mephitic Cloud           Conj/Pois/Air  #.......     91%         3    ####...
 Spider Form              Tmut/Pois      #.........   91%         3    ####...
 Stone Arrow              Conj/Erth      #.....       91%         3    ####...
 Sticky Flame             Conj/Fire      #.......     96%         4    #####..
 Fulminant Prism          Conj/Hex       #.........   99%         4    #####..
 Ice Form                 Ice/Tmut       #.......     99%         4    #####..
 Iskenderun's Mystic Bla  Conj/Tloc      #.......     99%         4    #####..
 Olgreb's Toxic Radiance  Pois           #.......     99%         4    #####..
 Petrify                  Tmut/Erth      #.......     99%         4    #####..
 Alistair's Intoxication  Tmut/Pois      #.......     100%        5    ######.
 Blade Hands              Tmut           #.........   100%        5    ######.
 Fireball                 Conj/Fire      #.........   100%        5    ######.
 Lee's Rapid Deconstruct  Erth           #.........   100%        5    ######.
 Hydra Form               Tmut           #.........   100%        6    #######
 Simulacrum               Ice/Necr       #.........   100%        6    #######


Dungeon Overview and Level Annotations

Branches:
Dungeon (8/15)             Temple (0/1) D:6            Lair (1/6) D:8

Altars:
Ashenzari
Cheibriados
Fedhas
Kikubaaqudgha
Okawaru
Sif Muna
Vehumet
The Shining One


Innate Abilities, Weirdness & Mutations

You occasionally shout uncontrollably at your foes.
You are occasionally teleported next to monsters.
Your spells are a little harder to cast, but a little more powerful.


Message History

The seven-headed hydra closely misses you.
The seven-headed hydra bites you!
* * * LOW HITPOINT WARNING * * *
The seven-headed hydra bites you but does no damage.
You sock the seven-headed hydra!
The seven-headed hydra is heavily wounded.
The seven-headed hydra bites you but does no damage.
You block the seven-headed hydra's attack.
The seven-headed hydra closely misses you.
The seven-headed hydra barely misses you.
The seven-headed hydra bites you.
* * * LOW HITPOINT WARNING * * *
The seven-headed hydra barely misses you.
You block the seven-headed hydra's attack.
You sock the seven-headed hydra!
The seven-headed hydra is heavily wounded.
You block the seven-headed hydra's attack.
The seven-headed hydra closely misses you.
The seven-headed hydra bites you!
You die...

...#......# #.##
#.#.#..#### #..###
.......# #....#
......## #....
......# ##..#
#####.# #P.# #
#.#######..#
#.........!####P#..#
#..........D@.......
#..........###.##=##
#.#.######## # #####


You could see a seven-headed hydra.

Vanquished Creatures
  2 komodo dragons (D:8)
  A basilisk (D:8)
  A vampire (D:7)
  A hungry ghost (D:8)
  An acid dragon (D:8)
  2 porcupines (Lair:1)
  Duvessa (D:6)
  4 sky beasts
  An ice beast (D:8)
  3 necrophages
  2 centaurs
  A wolf (D:8)
  6 ogres
  A crocodile (D:8)
  A big kobold (D:8)
  2 bullfrogs (D:8)
  Dowan (D:6)
  4 scorpions
  5 wights (D:6)
  A howler monkey (D:7)
  2 crimson imps
  A quasit (D:7)
  5 hounds
  A jelly (D:8)
  A bullfrog zombie (D:6)
  4 iguanas
  5 orc priests
  4 orc wizards
  3 worker ants
  A hound skeleton (D:5)
  A worker ant zombie (D:5)
  7 gnolls
  11 adders
  3 shadow imps
  A white imp (D:8)
  2 ufetubi (D:8)
  2 oozes
  3 adder skeletons
  An adder zombie (D:6)
  A worm (D:6)
  6 dart slugs
  2 leopard geckos
  27 orcs
  2 ball pythons
  2 giant cockroaches
  8 hobgoblins
  6 jackals
  3 quokkas
  5 bats
  4 frilled lizards
  8 goblins
  A jackal zombie (D:7)
  15 kobolds
  A leopard gecko zombie (D:5)
  A quokka simulacrum (D:8)
  A quokka skeleton (D:6)
  2 rats
194 creatures vanquished.

Vanquished Creatures (others)
  4 foxfires
  A fungus (D:6)
  A plant (D:6)
6 creatures vanquished.

Grand Total: 200 creatures vanquished

Notes
Turn   | Place    | Note
-------+----------+-------------------------------------------
     0 | D:1      | KiliKikkendorf the Hill Orc Fighter began the quest for the
                  | Orb.
     0 | D:1      | Reached XP level 1. HP: 19/19 MP: 1/1
    38 | D:1      | Reached XP level 2. HP: 23/27 MP: 2/2
   153 | D:1      | Reached skill level 3 in Axes
   607 | D:2      | Reached XP level 3. HP: 33/33 MP: 3/3
   689 | D:2      | Found a glowing golden altar of the Shining One.
   737 | D:2      | Became a worshipper of the Shining One
  1114 | D:2      | Found a snail-covered altar of Cheibriados.
  1186 | D:2      | Reached XP level 4. HP: 40/40 MP: 4/4
  1193 | D:2      | Reached skill level 4 in Axes
  1598 | D:3      | Noticed a sky beast
  1617 | D:3      | Killed a sky beast
  1617 | D:3      | Reached skill level 1 in Dodging
  1617 | D:3      | Reached XP level 5. HP: 42/47 MP: 5/5
  1964 | D:3      | Found a shattered altar of Ashenzari.
  2056 | D:3      | You fall into a shaft and drop 3 floors!
  2066 | D:6      | Noticed Dowan
  2067 | D:6      | Noticed Duvessa
  2071 | D:6      | Noticed a sky beast
  2071 | D:6      | Reached * piety under the Shining One
  2078 | D:6      | Killed a sky beast
  2078 | D:6      | Reached skill level 5 in Axes
  2078 | D:6      | Reached XP level 6. HP: 50/53 MP: 6/6
  2094 | D:5      | Entered Level 5 of the Dungeon
  2288 | D:4      | Reached skill level 6 in Axes
  2313 | D:4      | Reached XP level 7. HP: 54/60 MP: 7/7
  2363 | D:3      | Found an ancient bone altar of Kikubaaqudgha.
  2909 | D:3      | Found a shimmering blue altar of Sif Muna.
  3215 | D:4      | Reached skill level 5 in Fighting
  3215 | D:4      | Reached skill level 7 in Axes
  3588 | D:5      | Reached skill level 8 in Axes
  3768 | D:5      | Reached XP level 8. HP: 61/70 MP: 8/8
  3824 | D:5      | Reached ** piety under the Shining One
  3846 | D:5      | Reached skill level 1 in Throwing
  3996 | D:5      | Reached skill level 9 in Axes
  4263 | D:6      | Reached skill level 5 in Armour
  4267 | D:6      | Reached skill level 5 in Shields
  4411 | D:6      | Killed Duvessa
  4411 | D:6      | Reached skill level 10 in Axes
  4690 | D:6      | Killed Dowan
  4812 | D:6      | Found a staircase to the Ecumenical Temple.
  4868 | D:6      | Reached XP level 9. HP: 23/78 MP: 9/9
  5105 | D:6      | Found a blossoming altar of Fedhas.
  5308 | D:6      | Learned a level 1 spell: Foxfire
  5427 | D:6      | Found an iron altar of Okawaru.
  5497 | D:6      | Reached skill level 1 in Fire Magic
  5722 | D:7      | Found a radiant altar of Vehumet.
  5753 | D:7      | Gained mutation: You are occasionally teleported next to
                  | monsters. [potion of mutation]
  5753 | D:7      | Gained mutation: You occasionally shout uncontrollably at
                  | your foes. [potion of mutation]
  5753 | D:7      | Gained mutation: Your spells are a little harder to cast,
                  | but a little more powerful. [potion of mutation]
  6243 | D:8      | Learned a level 1 spell: Beastly Appendage
  6440 | D:7      | Reached *** piety under the Shining One
  6655 | D:8      | Reached skill level 11 in Axes
  6692 | D:8      | Reached skill level 1 in Spellcasting
  6998 | D:8      | Reached XP level 10. HP: 74/86 MP: 12/12
  7002 | D:8      | Reached skill level 12 in Axes
  7168 | D:8      | Found a staircase to the Lair.
  7488 | Lair:1   | Entered Level 1 of the Lair of Beasts
  7495 | Lair:1   | Identified the Catalogue of Evil and Shape Shifting
  7545 | Lair:1   | Noticed a seven-headed hydra
  7559 | Lair:1   | Slain by a seven-headed hydra

Levels and vault maps discovered:
D:1:      psy_arrival_whirlpool, layout_rooms
D:2:      layout_basic, kennysheep_slug_shrine, first_ration, tso_metal_star
D:3:      layout_basic, marbit_many_paths, overflow_temple_1_default,
          nicolae_overflow_hidden_temple, minmay_cupped
D:4:      layout_loops_ring
D:5:      layout_rooms
D:6:      layout_loops_corners, fedhas_altar_3, lemuel_doored_altar,
          minmay_temple_entry_large_hall, uniq_duvessa
D:7:      layout_loops_cross, nicolae_overflow_crystal_walls
D:8:      layout_basic, erik_lair_dragon, serial_ice, serial_ice_c,
          serial_ice_g, serial_ice_l, serial_ice_m
Lair:1:   beast_lair_carwin_large_3, layout_gridlike, serial_rivers,
          chequers_serial_rivers_small_b, chequers_serial_rivers_large_a,
          chequers_serial_rivers_micro_a, chequers_serial_rivers_micro_b,
          enter_volcano_4

Skill      XL: |  1  2  3  4  5  6  7  8  9 10 |
---------------+-------------------------------+-----
Axes           | 3 4 5 6 8 10 11 12 | 12.7
Armour         | 4 5 6 |  6.0
Fighting       | 4 5 6 7 8 |  8.0
Dodging        | 1 2 3 |  3.2
Shields        | 4 5 |  5.8
Throwing       | 1 2 |  2.2
Fire Magic     | 3 4 |  4.3
Spellcasting   | 1 |  1.8
Unarmed Combat | |  0.4

Action                   |  1- 3 |  4- 6 |  7- 9 | 10-12 || total
-------------------------+-------+-------+-------+-------++-------
Melee: War axe           |    86 |   112 |   313 |    43 ||   554
       Unarmed           |       |       |     4 |       ||     4
       Mace              |       |       |       |     6 ||     6
Throw: Boomerang         |       |       |    31 |     7 ||    38
 Cast: Foxfire           |       |       |     3 |     1 ||     4
 Abil: Evoke Berserk Rag |       |       |       |     1 ||     1
  Use: Scroll            |     4 |     3 |     9 |     1 ||    17
       Potion            |     4 |     3 |     3 |       ||    10
  Eat: Chunk             |     1 |     1 |     4 |     3 ||     9
       Ration            |       |     1 |     3 |       ||     4
Armor: Scale mail        |    13 |       |       |       ||    13
       Ring mail         |    22 |    42 |   140 |    19 ||   223
Dodge: Dodged            |    28 |    30 |   114 |    33 ||   205
Block: Kite shield       |    42 |    55 |   103 |    23 ||   223

Table legend:
 A = Non-vault XP
 B = Vault XP
 C = Vault XP percentage of total XP
 D = Non-vault monster count
 E = Vault monster count
 F = Vault count percentage of total count
                 A         B        C        D         E       F
            +---------+---------+-------+---------+---------+-------
      Total |    5156 |    1538 |  23.0 |     178 |      16 |   8.2
            +---------+---------+-------+---------+---------+-------
        D:1 |      24 |       0 |   0.0 |      10 |       0 |   0.0
        D:2 |      81 |       4 |   4.7 |      19 |       1 |   5.0
        D:3 |     193 |       5 |   2.5 |      26 |       3 |  10.3
        D:4 |     506 |       0 |   0.0 |      19 |       0 |   0.0
        D:5 |     701 |       0 |   0.0 |      27 |       0 |   0.0
        D:6 |     890 |     218 |  19.7 |      29 |       2 |   6.5
        D:7 |     530 |       0 |   0.0 |      13 |       0 |   0.0
        D:8 |    1943 |    1311 |  40.3 |      33 |      10 |  23.3
     Lair:1 |     288 |       0 |   0.0 |       2 |       0 |   0.0
            +---------+---------+-------+---------+---------+-------
